 Dungeon Crawl Stone Soup version 0.28-a0-80-g9707f7362f (webtiles) character file.

Game seed: 8547983700384467643

362908 lunkers the Warrior (level 23, -33/178 HPs)
             Began as a Djinni Earth Elementalist on Aug 3, 2021.
             Was an Initiate of Gozag.
             Killed from afar by an ancient lich (67 damage)
             ... with a crystal spear
             ... on level 4 of the Vaults on Aug 5, 2021.
             The game lasted 03:01:23 (75143 turns).

lunkers the Warrior (Djinni Earth Elementalist)    Turns: 75143, Time: 03:01:24

Health: -33/178    AC: 12    Str:  7    XL:     23   Next: 53%
Gold:   17330      EV: 22    Int: 24    God:    Gozag SH: 21 Dex: 17

rFire   + + +      SeeInvis .   a - staff of fire
rCold   . . .      Faith    .   o - +2 tower shield {AC+3}
rNeg    . . .      Spirit   .   J - +2 robe {Archmagi}
rPois   ∞          Reflect  .   l - +2 hat {Stlth+}
rElec   .          Harm     .   u - +1 cloak {rPois}
rCorr   .          Rampage  .   H - +0 pair of gloves "Robuzoso" {Will+}
Will    +++..      Archmagi +   (boots unavailable)
Stlth   +++.......              k - amulet of regeneration
HPRegen 1.39/turn               Q - +4 ring of evasion
MPRegen 0.00/turn               G - ring of protection from cold

@: about to teleport, flying
A: sickness immunity, fire resistance 2, cold vulnerability 1, float, innate
caster, hp casting, extra vitality 1
}: 2/15 runes: serpentine, barnacled
a: Renounce Religion, Potion Petition, Call Merchant, Bribe Branch


You were on level 4 of the Vaults.
You worshipped Gozag.
Gozag was extremely pleased with you.
You visited 7 branches of the dungeon, and saw 36 of its levels.
You also visited: Bailey and Gauntlet.

You collected 18906 gold pieces.
You spent 1507 gold pieces at shops.
You paid 69 gold pieces to Gozag.

Inventory:

Missiles
 c - 1415 stones
 I - 11 throwing nets
Armour
 l - a +2 hat of stealth (worn)
 o - a +2 tower shield of protection (worn)
 u - a +1 cloak of poison resistance (worn)
 y - the +4 ring mail "Linaareewn" {rCorr Str+7 Dex-4}
   (You found it on level 2 of the Shoals)

   Str:       It affects your strength (+7).
   Dex:       It affects your dexterity (-4).
   rCorr:     It protects you from acid and corrosion.
 H - the +0 pair of gloves "Robuzoso" (worn) {Will+}
   (You bought it in a shop on level 4 of the Snake Pit)

   Will:      It increases your willpower.
 J - a +2 robe of the Archmagi (worn)
 O - a +1 robe of cold resistance
Magical Staves
 a - a staff of fire (weapon)
Jewellery
 b - the ring of Beedotah {Drain rF+ Dex+5 SInv}
   (You found it on level 4 of the Snake Pit)

   [ring of protection from fire]

   Dex:       It affects your dexterity (+5).
   rF:        It protects you from fire.
   SInv:      It lets you see invisible.
   Drain:     It drains your maximum health when unequipped.
 k - an amulet of regeneration (around neck)
 p - the amulet "Degiobli" {Spirit Contam rPois rF- Int+7}
   (You took it off a yaktaur captain on level 5 of the Vaults)

   [amulet of guardian spirit]

   It causes incoming damage to be divided between your reserves of health and
   magic.
   Int:       It affects your intelligence (+7).
   rF:        It makes you vulnerable to fire.
   rPois:     It protects you from poison.
   Contam:    It causes magical contamination when unequipped.
 C - a +6 ring of intelligence
 G - a ring of protection from cold (right hand)
 P - a ring of positive energy
 Q - a +4 ring of evasion (left hand)
 X - the ring "Hig Nisa" {Fire rElec rN+}
   (You found it on level 2 of the Lair of Beasts)

   [ring of fire]

   It enhances your fire magic.
   rF:        It protects you from fire.
   rC:        It makes you vulnerable to cold.
   rElec:     It insulates you from electricity.
   rN:        It protects you from negative energy.
 Y - an amulet of reflection
Wands
 f - a wand of paralysis (26)
 j - a wand of acid (8)
 q - a wand of iceblast (56)
 r - a wand of charming (49)
 z - a wand of flame (86)
 R - a wand of digging (8)
 V - a wand of polymorph (32)
 Z - a wand of mindburst (22)
Scrolls
 d - 5 scrolls of fear
 e - 8 scrolls of magic mapping
 g - 5 scrolls of enchant weapon
 h - 11 scrolls of teleportation
 i - 18 scrolls of identify
 w - 4 scrolls of fog
 A - 2 scrolls of brand weapon
 B - 2 scrolls of holy word
 M - 5 scrolls of enchant armour
 T - a scroll of silence
 U - 2 scrolls of summoning
Potions
 m - a potion of ambrosia
 n - 4 potions of haste
 s - 2 potions of invisibility
 t - 6 potions of heal wounds
 v - 8 potions of lignification
 x - 12 potions of curing
 D - a potion of resistance
 E - a potion of cancellation
 F - 3 potions of attraction
 K - 3 potions of berserk rage
 N - 7 potions of brilliance
 S - 2 potions of mutation
Miscellaneous
 L - a phial of floods


   Skills:
 + Level 19.5 Fighting
 - Level 12.9 Dodging
 - Level 1.5 Stealth
 * Level 18.9 Shields
 + Level 19.0 Spellcasting


You couldn't memorise any spells.
You knew the following spells:

 Your Spells              Type           Power      Damage    Failure   Level
a - Fireball              Conj/Fire      65%        3d25      1%          5
b - Passwall              Tmut/Erth      89%        N/A       0%          2
c - Sandblast             Erth           100%       2d20      0%          1
d - Petrify               Tmut/Erth      100%       N/A       1%          4
e - Foxfire               Conj/Fire      100%       2x1d9     0%          1
f - Poisonous Vapours     Pois/Air       100%       N/A       0%          2
g - Conjure Flame         Conj/Fire      100%       6-21      0%          3
h - Fulminant Prism       Conj/Hex       53%        3d23      1%          4
i - Animate Dead          Necr           53%        N/A       1%          4
j - Stone Arrow           Conj/Erth      100%       3d13      0%          3
k - Shadow Creatures      Summ           N/A        N/A       1%          6
l - Statue Form           Tmut/Erth      71%        N/A       1%          6
m - Spellforged Servitor  Conj/Summ      53%        N/A       1%          7
n - Ignition              Fire           65%        3d17      12%         8
o - Infestation           Necr           53%        N/A       12%         8
Your spell library was empty.

Dungeon Overview and Level Annotations

Branches:
Dungeon (14/15)            Temple (1/1) D:7            Lair (6/6) D:11
 Shoals (4/4) Lair:4        Snake (4/4) Lair:3        Slime (0/5) Lair:5
    Orc (2/2) D:10            Elf (0/3) Orc:2        Vaults (5/5) D:14
  Crypt (0/3) Vaults:3     Bailey (visited)         Gauntlet (visited)

Altars:
Ashenzari
Cheibriados
Dithmenos
Elyvilon
Fedhas
Gozag
Hepliaklqana
Kikubaaqudgha
Makhleb
Nemelex Xobeh
Okawaru
Qazlal
Ru
Sif Muna
Trog
Uskayaw
Vehumet
Wu Jian
Xom
Yredelemnul
Zin
The Shining One

Shops:
D:14 *   Orc:2 =(*[   Shoals:2 *[!*   Snake:2 !(   Snake:4 [!![**

Annotations:
Snake:3 Vashnia
Vaults:2 exclusion: orange crystal statue


Innate Abilities, Weirdness & Mutations

You are immune to sickness and miasma.
You are immune to poison.
Your flesh is very heat resistant. (rF++)
You are vulnerable to cold. (rC-)
You float through the air rather than walking.
You learn spells naturally, not from books.
Your magical power is your life essence.
You have superior vitality. (+4 HP)


Message History

Aiming: Stone Arrow (safe; 0% risk of failure)
Press: ? - help, Shift-Dir - straight line You feel a surge of power!
* * * LOW HITPOINT WARNING * * *
Something touches you.
* * * LOW HITPOINT WARNING * * *
You hear some strange, mumbled words.
A bolt of acid appears from out of thin air!
The bolt of acid hits you!!!
* * * LOW HITPOINT WARNING * * *
You are splashed with acid!
* * * LOW HITPOINT WARNING * * *
Unknown command.
Casting: Stone Arrow (safe; 0% risk of failure)
Confirm with . or Enter, or press ? or * to list all spells.
Aiming: Stone Arrow (safe; 0% risk of failure)
Press: ? - help, Shift-Dir - straight line You feel a surge of power!
The stone arrow hits something.
* * * LOW HITPOINT WARNING * * *
Something touches you.
* * * LOW HITPOINT WARNING * * *
Unknown command.
Unknown command.
Casting: Stone Arrow (safe; 0% risk of failure)
Confirm with . or Enter, or press ? or * to list all spells.
Aiming: Stone Arrow (safe; 0% risk of failure)
Press: ? - help, Shift-Dir - straight line
Okay, then.
You feel much better.
You hear some strange, mumbled words.
A bolt of acid appears from out of thin air!
The bolt of acid misses you. Something touches you.
* * * LOW HITPOINT WARNING * * *
As you read the scroll of teleportation, it crumbles to dust.
You feel strangely unstable.
You hear some strange, mumbled words.
A crystal spear appears from out of thin air!
The crystal spear hits you!!!
You die...
Your body crumbles into a pile of gold.

############# #...........#
#...........#
#...........########
#...........#......#
#...........#......#
#...........'..8.>.#
#############..{)[[# #..@...#
#......#
#################'###############
(...............................#
..[.............................#
................................#
....................)...........#
#####...........................#
....#.......[...................#


You could see a friendly spellforged servitor (summoned).

Vanquished Creatures
  A dread lich (Vaults:4)
  Boris (Vaults:4)
  Saint Roka (Vaults:4)
  2 tentacled monstrosities (Vaults:4)
  A lich (Vaults:5)
  4 titans
  Frances (Shoals:2)
  5 sphinxes
  2 tengu reavers (Vaults:5)
  Roxanne (Snake:1)
  3 shadow dragons
  A revenant (Vaults:3)
  Ilsuiw (Shoals:2)
  5 nagarajas
  2 fire giants (Vaults:4)
  2 frost giants
  A deep elf sorcerer (Vaults:5)
  15 vault wardens
  3 orc warlords
  12 ironbound preservers
  Aizul (Snake:2)
  4 very ugly things
  3 stone giants
  2 war gargoyles (Vaults:2)
  A deep elf annihilator (Vaults:3)
  A minotaur (Gauntlet)
  8 dire elephants
  A spark wasp (shapeshifter) (Vaults:1)
  6 merfolk javelineers
  Snorg (D:14)
  4 ettins
  3 crystal guardians
  A jiangshi (Vaults:3)
  11 merfolk impalers
  5 yaktaur captains
  2 great orbs of eyes
  11 naga warriors
  2 great orbs of eyes (shapeshifter) (Vaults:5)
  7 ironbound thunderhulks
  4 boulder beetles
  An ice dragon (Lair:2)
  8 hydras
  Fannar (D:11)
  3 peacekeepers
  5 anacondas
  34 vault guards
  6 ironbound frosthearts
  4 merfolk aquamancers
  Erolcha (Orc:2)
  2 salamander tyrants
  2 merfolk avatars
  3 alligator snapping turtles
  The ghost of Haxey the Destroyer, a journeyman GrCj of Sif Muna (Lair:2)
  Erica (D:8)
  19 death yaks
  9 centaur warriors
  2 catoblepae
  6 two-headed ogres
  5 orc high priests
  3 deep troll earth magi (Vaults:5)
  A vampire mage (Vaults:3)
  10 shock serpents
  18 naga sharpshooters
  3 tengu warriors
  Urug (D:12)
  7 ironbound beastmasters
  A shock serpent (shapeshifter) (Vaults:4)
  3 hell knights
  A deep elf knight (Snake:3)
  A shadow wraith (Vaults:5)
  An iron troll (Vaults:4)
  A skeletal warrior (Vaults:3)
  14 sea snakes
  7 naga ritualists
  21 deep trolls
  A glowing orange brain (Vaults:4)
  4 lindwurms
  9 ironbound convokers
  24 harpies
  A deep elf archer (Snake:3)
  2 phantasmal warriors
  10 wizards
  Pikel (D:7)
  5 necromancers
  6 orc sorcerers
  5 orc knights
  2 mana vipers
  26 ugly things
  10 manticores
  An oklob plant (Lair:6)
  5 deep elf pyromancers
  8 cyclopes
  5 salamanders
  5 fauns
  Joseph (D:8)
  23 black mambas
  A sphinx skeleton (Vaults:4)
  7 merfolk sirens
  A guardian serpent (Snake:2)
  16 naga magi
  Maurice (D:13)
  A guardian serpent (shapeshifter) (D:14)
  An ice statue (D:12)
  2 gargoyles (D:12)
  2 torpor snails
  15 cane toads
  16 vault sentinels
  14 water nymphs
  4 rime drakes
  Psyche (D:8)
  A yaktaur (shapeshifter) (D:13)
  A freezing wraith (Vaults:5)
  11 komodo dragons
  28 yaktaurs
  A tengu conjurer (D:13)
  A yaktaur skeleton (Vaults:4)
  33 merfolk
  3 meliai (D:14)
  A merfolk (shapeshifter) (Vaults:4)
  12 trolls
  6 hornets (Lair:6)
  15 wind drakes
  6 polar bears
  13 dream sheep
  13 blink frogs
  A human simulacrum (Vaults:4)
  A tyrant leech (Gauntlet)
  24 slime creatures
  8 snapping turtles
  A raiju (shapeshifter) (D:14)
  9 air elementals (Shoals:4)
  20 water elementals
  13 spriggans
  8 shadows
  2 wraiths
  An elf zombie (Vaults:4)
  A hog (D:11)
  A catoblepas simulacrum (Lair:2)
  72 yaks
  3 basilisks
  4 wyverns
  7 wargs
  3 swamp worms (Gauntlet)
  40 nagas
  15 water moccasins
  43 orc warriors
  A hydra simulacrum (Lair:2)
  2 ice beasts
  15 black bears
  2 elephant zombies (Lair:3)
  A swamp drake (Orc:2)
  6 ogres
  28 wolves
  A human skeleton (Vaults:4)
  4 boggarts (Lair:6)
  2 lemures (D:7)
  9 centaurs
  3 phantoms
  3 kobold brigands
  19 bullfrogs
  4 gnoll sergeants
  2 komodo dragon zombies (Lair:3)
  3 scorpions
  A water moccasin zombie (D:5)
  19 killer bees
  A lindwurm simulacrum (Lair:2)
  3 howler monkeys
  12 electric eels
  A crimson imp (Orc:2)
  4 centaur zombies
  A basilisk zombie (Lair:3)
  A jelly (D:7)
  3 hounds
  A bullfrog skeleton (D:4)
  26 orc priests
  2 centaur skeletons
  4 gnoll shamans
  An iron imp (Orc:2)
  18 orc wizards
  3 iguanas
  3 wolf simulacra (D:10)
  7 yak simulacra (D:10)
  A bullfrog simulacrum (Lair:2)
  A black bear simulacrum (Lair:2)
  A howler monkey zombie (D:10)
  Robin (D:2)
  22 gnolls
  8 adders
  A shadow imp (D:7)
  3 white imps
  2 ufetubi
  A worm (D:2)
  2 dart slugs
  66 orcs
  5 ball pythons
  6 endoplasms
  A giant cockroach (D:2)
  13 hobgoblins
  9 jackals
  4 quokkas
  4 bats
  A frilled lizard (D:3)
  22 goblins
  22 kobolds
  3 rats
  A river rat simulacrum (D:10)
  3 bushes (Lair:3)
1425 creatures vanquished.

Vanquished Creatures (collateral kills)
  Margery (Vaults:5)
  An anaconda (Snake:1)
  3 lindwurms (Vaults:1)
  A wizard (Vaults:1)
  2 ugly things (Vaults:1)
  A salamander (Snake:1)
  A vault sentinel (Vaults:1)
  A black mamba (Snake:1)
  A yaktaur (Vaults:2)
12 creatures vanquished.

Vanquished Creatures (others)
  2 dancing weapons (Vaults:4)
  A raiju (Snake:3)
  An orc warrior (Orc:2)
  A howler monkey (D:11)
  3 orc priests (Orc:2)
  An orc wizard (Orc:2)
  A shadow imp (Orc:2)
  3 orcs (Orc:2)
  A bush (D:11)
  4 demonic plants (Gauntlet)
  71 fungi
  246 plants
335 creatures vanquished.

Grand Total: 1772 creatures vanquished

Notes
Turn   | Place    | Note
-------+----------+-------------------------------------------
     0 | D:1      | lunkers the Djinni Earth Elementalist began the quest for
                  | the Orb.
     0 | D:1      | Reached XP level 1. HP: 15/15 MP: 0/0
   193 | D:1      | Reached XP level 2. HP: 18/22 MP: 0/0
   546 | D:1      | Reached skill level 1 in Fighting
   746 | D:1      | Reached XP level 3. HP: 22/27 MP: 0/0
   746 | D:1      | Learned a level 1 spell: Foxfire
  1209 | D:1      | Found a faded altar of an unknown god.
  1405 | D:2      | Noticed Robin
  1469 | D:2      | Killed Robin
  1470 | D:2      | Reached XP level 4. HP: 9/33 MP: 0/0
  2671 | D:2      | Reached XP level 5. HP: 35/38 MP: 0/0
  2671 | D:2      | Learned a level 2 spell: Poisonous Vapours
  3262 | D:3      | Noticed a phantom
  3271 | D:3      | Killed a phantom
  3272 | D:3      | Reached XP level 6. HP: 11/45 MP: 0/0
  4534 | D:4      | Reached XP level 7. HP: 44/50 MP: 0/0
  4534 | D:4      | Learned a level 3 spell: Conjure Flame
  4789 | D:4      | Reached skill level 5 in Spellcasting
  5004 | D:4      | Found a glowing golden altar of the Shining One.
  5375 | D:5      | Entered Level 5 of the Dungeon
  5725 | D:5      | Found a sparkling altar of Nemelex Xobeh.
  6058 | D:5      | Reached XP level 8. HP: 52/58 MP: 0/0
  6561 | D:6      | Reached skill level 5 in Fighting
  7197 | D:6      | Found an iron altar of Okawaru.
  7197 | D:6      | Found a white marble altar of Elyvilon.
  7197 | D:6      | Found a glowing silver altar of Zin.
  7198 | D:6      | Found a burning altar of Makhleb.
  7689 | D:7      | Found a staircase to the Ecumenical Temple.
  7698 | Temple   | Entered the Ecumenical Temple
  7860 | Temple   | Became a worshipper of Gozag Ym Sagoz the Greedy
  8086 | D:7      | Reached XP level 9. HP: 60/66 MP: 0/0
  8086 | D:7      | Learned a level 4 spell: Fulminant Prism
  8340 | D:7      | Reached skill level 1 in Shields
  8513 | D:7      | Noticed Pikel
  8529 | D:7      | Killed Pikel
  9326 | D:8      | Noticed Joseph
  9333 | D:8      | HP: 1/67 [Joseph/sling bullet (15)]
  9334 | D:8      | Killed Joseph
  9793 | D:8      | Noticed Psyche
  9799 | D:8      | Killed Psyche
  9800 | D:8      | Reached XP level 10. HP: 62/75 MP: 0/0
  9804 | D:8      | Noticed a two-headed ogre
 10828 | D:8      | Noticed Erica
 10831 | D:8      | Killed Erica
 10873 | D:8      | Found a stormy altar of Qazlal.
 11191 | D:8      | Reached XP level 11. HP: 70/82 MP: 0/0
 11191 | D:8      | Learned a level 4 spell: Animate Dead
 11228 | D:8      | Killed a two-headed ogre
 11229 | D:8      | Reached skill level 10 in Spellcasting
 12571 | D:9      | Noticed a two-headed ogre
 12575 | D:9      | Killed a two-headed ogre
 12711 | D:9      | Identified the +2 leather armour of the Fife {Str+7}
 12721 | D:10     | Entered Level 10 of the Dungeon
 13490 | D:10     | Found a staircase to the Orcish Mines.
 13573 | D:10     | Reached skill level 10 in Fighting
 14454 | D:10     | Noticed a necromancer
 14457 | D:10     | Killed a necromancer
 14458 | D:10     | Reached XP level 12. HP: 82/91 MP: 0/0
 14958 | D:10     | Found a blossoming altar of Fedhas.
 15041 | D:11     | Noticed Fannar
 15050 | D:11     | Killed Fannar
 17106 | D:11     | Noticed a seven-headed hydra
 17113 | D:11     | Killed a seven-headed hydra
 17709 | D:11     | Found a sparkling altar of Nemelex Xobeh.
 18071 | D:11     | Noticed a two-headed ogre
 18077 | D:11     | Killed a two-headed ogre
 18085 | D:11     | Noticed a two-headed ogre
 18090 | D:11     | Killed a two-headed ogre
 18408 | D:11     | Reached XP level 13. HP: 85/99 MP: 0/0
 18408 | D:11     | Learned a level 5 spell: Fireball
 18522 | D:11     | Found a staircase to the Lair.
 19307 | Lair:1   | Entered Level 1 of the Lair of Beasts
 19356 | Lair:1   | Reached skill level 5 in Dodging
 20137 | Lair:1   | Identified the +12 flail "Uzempas" {freeze, Fly}
 21577 | Lair:2   | Found a runed translucent gate.
 21577 | Lair:2   | Found a runed translucent gate.
 21580 | Lair:2   | Found a runed translucent gate.
 22022 | Lair:2   | Noticed an ice dragon
 22023 | Lair:2   | Noticed Haxey's ghost (journeyman GrCj)
 22133 | Lair:2   | Killed Haxey's ghost
 22815 | Lair:2   | Killed an ice dragon
 22829 | Lair:2   | Identified the ring "Hig Nisa" {Fire rElec rN+}
 23112 | Lair:3   | Reached XP level 14. HP: 72/108 MP: 0/0
 23676 | Lair:3   | Found a sparkling altar of Nemelex Xobeh.
 23927 | Lair:3   | Found a staircase to the Snake Pit.
 24729 | Lair:3   | Identified a scroll of acquirement
 24749 | Lair:3   | Acquired 1345 gold pieces
 24870 | Lair:3   | Found the +3 pair of seven-league boots {Rampage+∞}
 26463 | Lair:4   | Found a staircase to the Shoals.
 27453 | Lair:5   | Reached XP level 15. HP: 61/115 MP: 0/0
 27453 | Lair:5   | Learned a level 6 spell: Shadow Creatures
 27711 | Lair:5   | Found a staircase to the Slime Pits.
 28570 | Lair:6   | Entered Level 6 of the Lair of Beasts
 28910 | Lair:6   | Found a gate leading to a gauntlet.
 28957 | Gauntlet | Entered a Gauntlet
 28957 | Gauntlet | Found a transporter.
 28957 | Gauntlet | Found a transporter.
 28975 | Gauntlet | Found a transporter.
 28978 | Gauntlet | Found a transporter.
 28986 | Gauntlet | Found a transporter.
 28990 | Gauntlet | Found a transporter.
 28998 | Gauntlet | Found a transporter.
 29017 | Gauntlet | Found a transporter.
 29031 | Gauntlet | Found a transporter.
 29035 | Gauntlet | Found a transporter.
 29043 | Gauntlet | Found a transporter.
 29047 | Gauntlet | Found a transporter.
 29158 | Gauntlet | Identified the +1 pair of gloves "Qilit" {rF- Str+6 Dex+3}
 29277 | Gauntlet | Identified the amulet "Qezouwu Iwke" {Faith Harm rC+ rCorr
                  | Dex+2}
 29687 | Gauntlet | Identified the +8 flail of the Grey Skies {vorpal, +Blink
                  | rPois rF- rCorr}
 29687 | Gauntlet | Identified the +9 shadow dragon scales "Boanef" {-Tele
                  | rElec rN+++ Int-3 Stlth++++}
 29691 | Gauntlet | Reached skill level 10 in Dodging
 30710 | Lair:6   | Reached skill level 15 in Spellcasting
 32593 | Orc:1    | Entered Level 1 of the Orcish Mines
 33134 | Orc:1    | Found a flagged portal.
 33167 | Bailey   | Entered a bailey
 33779 | Bailey   | Identified the +1 ring mail of Filth {rC+ Str+3}
 33854 | Orc:1    | Reached XP level 16. HP: 118/123 MP: 0/0
 34003 | Orc:2    | Entered Level 2 of the Orcish Mines
 34006 | Orc:2    | Noticed Erolcha
 34011 | Orc:2    | Killed Erolcha
 34209 | Orc:2    | Found a staircase to the Elven Halls.
 34619 | Orc:2    | Identified the +2 robe of Nichyd {Dex+4}
 37071 | Orc:2    | Found Yngytuax's Antique Armour Emporium.
 37072 | Orc:2    | Found Xoecsokh's Antique Weapon Emporium.
 37074 | Orc:2    | Found Qaedoatu's General Store.
 37074 | Orc:2    | Found Lewaogg's Jewellery Shoppe.
 37838 | D:12     | Noticed Urug
 37842 | D:12     | Killed Urug
 38689 | D:13     | Noticed Maurice
 38694 | D:13     | Killed Maurice
 40231 | D:14     | Noticed Snorg
 40240 | D:14     | Killed Snorg
 40545 | D:14     | Found Yjiodd's Assorted Antiques.
 40875 | D:13     | Reached XP level 17. HP: 92/130 MP: 0/0
 40875 | D:13     | Learned a level 6 spell: Statue Form
 41280 | D:14     | Bought a smoking flail for 272 gold pieces
 41280 | D:14     | Identified the +10 flail of Big Damage {flame, SInv Stlth+}
                  | (You bought it in a shop on level 14 of the Dungeon)
 41282 | D:14     | Bought a smoking whip for 240 gold pieces
 41282 | D:14     | Identified the +6 whip "Ysoru" {holy, rF+ rCorr Str+4
                  | Int-2} (You bought it in a shop on level 14 of the Dungeon)
 41397 | D:14     | Found a gate to the Vaults.
 41561 | D:14     | Reached skill level 15 in Fighting
 41897 | Shoals:1 | Entered Level 1 of the Shoals
 42382 | Shoals:1 | Identified the +8 halberd of Understanding {holy, Dex+3}
 42717 | Shoals:2 | Found Jiroomuc's Distillery.
 42717 | Shoals:2 | Found Wyushrev's Assorted Antiques.
 43263 | Shoals:2 | Noticed Ilsuiw
 43268 | Shoals:2 | Killed Ilsuiw
 43268 | Shoals:2 | Noticed Frances
 43273 | Shoals:2 | Killed Frances
 43525 | Shoals:2 | Bought a twisted robe for 216 gold pieces
 43525 | Shoals:2 | Identified the +2 robe "Ewoeseogg" {rF+ Str+2 Dex+3} (You
                  | bought it in a shop on level 2 of the Shoals)
 43562 | Shoals:2 | Found Vimyzel's Armour Shoppe.
 43567 | Shoals:2 | Identified the +4 ring mail "Linaareewn" {rCorr Str+7
                  | Dex-4}
 43570 | Shoals:2 | Bought a +2 tower shield of protection for 279 gold pieces
 43959 | Shoals:2 | Found Moweenorph's Assorted Antiques.
 43967 | Shoals:2 | Bought a lumpy platinum amulet for 215 gold pieces
 44098 | Shoals:2 | Found a runed translucent door.
 44668 | Shoals:2 | Reached skill level 5 in Shields
 44802 | Shoals:2 | Identified the +2 rapier of the Unstoppable People {holy,
                  | +Blink +Rage Will+ Str+3}
 47100 | Shoals:4 | Entered Level 4 of the Shoals
 47383 | Shoals:4 | Reached XP level 18. HP: 114/139 MP: 0/0
 48419 | Shoals:4 | Upgraded the game from 0.28-a0-79-g444c7a33f5 to
                  | 0.28-a0-80-g9707f7362f
 49492 | Shoals:4 | Noticed a titan
 49498 | Shoals:4 | Killed a titan
 49646 | Shoals:4 | Got a barnacled rune of Zot
 50760 | Shoals:4 | Paralysed by an air elemental for 1 turns
 50762 | Shoals:4 | Reached skill level 10 in Shields
 51259 | Snake:1  | Entered Level 1 of the Snake Pit
 51412 | Snake:1  | You are sucked into a shaft and drop 1 floor!
 51714 | Snake:2  | Found Gofunaf's Weapon Shop.
 51714 | Snake:2  | Found Ugruneim's Distillery.
 53106 | Snake:1  | Noticed Roxanne
 53122 | Snake:1  | Killed Roxanne
 53123 | Snake:1  | Reached XP level 19. HP: 37/147 MP: 0/0
 53123 | Snake:1  | Learned a level 7 spell: Spellforged Servitor
 54045 | Snake:2  | Noticed Aizul
 54050 | Snake:2  | Killed Aizul
 56125 | Snake:3  | Noticed Vashnia
 57795 | Snake:4  | Entered Level 4 of the Snake Pit
 57815 | Snake:4  | Found Kucaxtyho's General Store.
 57940 | Snake:4  | Identified the ring of Beedotah {Drain rF+ Dex+5 SInv}
 58634 | Snake:4  | Found Mauky's CLEARANCE SALE! EVERYTHING MUST GO!.
 58649 | Snake:4  | Found Melikhal's Distillery.
 58868 | Snake:4  | Found Qaawa's Distillery.
 58995 | Snake:4  | Found Adomuis's Antique Armour Shop.
 58999 | Snake:4  | Bought a pair of spiked gloves for 285 gold pieces
 58999 | Snake:4  | Identified the +0 pair of gloves "Robuzoso" {Will+} (You
                  | bought it in a shop on level 4 of the Snake Pit)
 59026 | Snake:4  | Found Git Egau's Armour Shoppe.
 59520 | Snake:4  | Reached XP level 20. HP: 129/155 MP: 0/0
 59860 | Snake:4  | Got a serpentine rune of Zot
 60464 | Vaults:1 | Entered Level 1 of the Vaults
 63816 | Vaults:2 | HP: 2/155 [war gargoyle/spray of metal splinters[a
                  | peacekeeper] (31)]
 65717 | Vaults:2 | Reached skill level 15 in Shields
 65805 | Vaults:2 | Reached XP level 21. HP: 152/162 MP: 0/0
 65805 | Vaults:2 | Learned a level 8 spell: Ignition
 70107 | Vaults:3 | Found a staircase to the Crypt.
 72354 | Vaults:4 | Noticed Saint Roka
 72362 | Vaults:4 | Killed Saint Roka
 72363 | Vaults:4 | Reached XP level 22. HP: 119/170 MP: 0/0
 72945 | Vaults:4 | Noticed Boris
 72954 | Vaults:4 | Killed Boris
 73267 | Vaults:5 | Entered Level 5 of the Vaults
 73275 | Vaults:5 | Noticed a dread lich
 73589 | Vaults:5 | Identified the amulet "Degiobli" {Spirit Contam rPois rF-
                  | Int+7}
 73715 | Vaults:4 | Reached XP level 23. HP: 142/175 MP: 0/0
 73715 | Vaults:4 | Learned a level 8 spell: Infestation
 74152 | Vaults:5 | Identified the +8 flail of Atoschod {vorpal, rPois Int+2}
 74355 | Vaults:5 | Noticed an ancient lich
 74397 | Vaults:4 | Killed a dread lich
 74915 | Vaults:5 | Noticed Margery
 75013 | Vaults:5 | Killed Margery
 75143 | Vaults:4 | Killed from afar by an ancient lich

Illustrated notes

Levels and vault maps discovered:
D:1:      sevenhm_arrival_forest_fort_small_3, layout_loops_ring,
          shapermc_ecumenical_altar_hornbeckon, st_stairs_14,
          grunt_decor_one_mirror
D:2:      layout_loops_ring, minmay_misc_feat_alley, uniq_robin
D:3:      layout_basic, minmay_between
D:4:      layout_basic, lemuel_tele_altar, nrook_uturn
D:5:      layout_rooms, mainiacjoe_overflow_catwalk, roderic_roman_lattice
D:6:      layout_loops_ring, grunt_temple_overflow_open
D:7:      layout_basic, minmay_temple_entry_arrows, chequers_decorated_corner,
          uniq_pikel
D:8:      layout_basic, mainiacjoe_overflow_alcove_1, uniq_joseph, uniq_erica,
          uniq_psyche
D:9:      layout_gridville, minmay_statues_item, minmay_misc_feat_roman
D:10:     layout_irregular_city, mainiacjoe_overflow_six_doors_small,
          erik_orc_3, eino_house_with_fridge
D:11:     kennysheep_town, uniq_fannar
D:12:     lemuel_ice_statue, layout_rooms, uniq_urug
D:13:     layout_irregular_city, minivault_5, uniq_maurice
D:14:     layout_rooms, david_vaults_4, serial_shops, shop, uniq_snorg
Temple:   dshaligram_water_room_temple
Lair:1:   layout_layer_cave, lemuel_fruit_tree
Lair:2:   layout_loops_ring, gammafunk_ghost_icy, beast_lair_carwin_11
Lair:3:   pond_and_an_island_with_a_cottage, layout_gridlike,
          minmay_snake_entry_guardpost_small, basic_altar,
          nicolae_volcano_entry_two_sided, grunt_forest_large_clearing_hut
Lair:4:   layout_hall_layers, minmay_shoals_entry_beasts,
          bh_autumn_forest_stairs, patterned_corridor
Lair:5:   layout_cave_pods, dpeg_slime_entry_corner, lemuel_fruit_fields
Lair:6:   minmay_lair_end_enchanted_forest, layout_loops_ring,
          gauntlet_entry_generic, chequers_serial_rivers_micro_c
Shoals:1: layout_shoals
Shoals:2: layout_shoals, serial_shops, shop_fountains, nicolae_stop_n_shop_1,
          nicolae_diamond_shop, shop, lightli_airlock, uniq_frances, uniq_ilsuiw
Shoals:3: layout_shoals
Shoals:4: shoals_end_hellmonk_storm_palace [storm_palace_center_circular,
          storm_palace_corner_blocked, storm_palace_corner_grid,
          storm_palace_corner_reverse_hut, storm_palace_corner_grid]
Snake:1:  layout_layer_cave, nicolae_snake_salamander_stairs, uniq_roxanne
Snake:2:  layout_basic, serial_bayou_shore_a, minmay_shoptagon, uniq_aizul
Snake:3:  layout_gridlike, st_stairs_11, grunt_ministairs_13, drop_trap,
          beargit_elvish_explorers, uniq_vashnia
Snake:4:  snake_pit, layout_misc_corridors, serial_shops, shop, shop,
          nicolae_shop_trees, shop, nicolae_shop_statue_plus,
          grunt_ministairs_7, st_stairs_13, nicolae_shop_clearance
Orc:1:    layout_diamond_mine, enter_bailey_4
Orc:2:    st_orc_congregation, layout_diamond_mine, hangedman_minor_magic,
          uniq_erolcha
Vaults:1: nicolae_vaults_quadrants, nicolae_vaults_circle_grid_b,
          nicolae_vaults_asterisk, nicolae_vaults_yaktaur_gun_rack, v_misc_17,
          ontoclasm_vaults_tryst, serial_ice_g,
          nicolae_vaults_network_quinsquares
          [nicolae_vaults_network_quincunx_subvault,
          nicolae_vaults_network_quincunx_subvault,
          nicolae_vaults_network_quincunx_subvault,
          nicolae_vaults_network_quincunx_subvault],
          ontoclasm_vaults_loading_screen, nicolae_vaults_asterisk,
          layout_vaults_omnigrid
Vaults:2: v_misc_15, nicolae_vaults_circle_grid_a, v_rooms_4, v_misc_29,
          hangedman_vaults_unwind, v_misc_9, nicolae_vaults_disjoint_gnomons,
          vaults_mumra_minichess_inversion, nicolae_vaults_statue_guard,
          ontoclasm_vaults_twist, layout_vaults_omnicross
Vaults:3: v_alt_pattern_1, minmay_crypt_entry_simple_sparse, st_squares,
          v_misc_9, v_misc_11, hangedman_vaults_stretched_pinwheel, v_misc_17,
          nicolae_vaults_alarming, layout_vaults_ring
Vaults:4: nicolae_vaults_meeting, v_misc_27, v_misc_11,
          nicolae_vaults_bisected_exclaves, nicolae_vaults_little_squares_1,
          layout_vaults_big_room, uniq_saint_roka, uniq_boris
Vaults:5: serial_shops, uniq_margery

Skill      XL: |  1  2  3  4  5  6  7  8  9 10 11 12 13 14 15 16 17 18 19 20 21 22 23 |
---------------+----------------------------------------------------------------------+-----
Fighting       | 1 2 3 4 5 7 8 10 11 12 13 14 15 16 17 18 19 | 19.5
Spellcasting   | 3 4 5 7 8 9 11 12 13 14 15 16 17 18 19 | 19.0
Shields        | 3 4 7 10 13 15 16 18 | 18.9
Dodging        | 4 7 9 11 12 | 12.9
Stealth        | |  1.5

Action                   |  1- 3 |  4- 6 |  7- 9 | 10-12 | 13-15 | 16-18 | 19-21 | 22-24 || total
-------------------------+-------+-------+-------+-------+-------+-------+-------+-------++-------
Melee: Staff             |       |       |       |       |    74 |     5 |    19 |    20 ||   118
 Cast: Sandblast         |    53 |     4 |       |       |       |       |       |       ||    57
       Stone Arrow       |       |    54 |   100 |   300 |    36 |    40 |   133 |   101 ||   764
       Petrify           |       |       |       |     2 |       |       |       |       ||     2
       Fireball          |       |       |       |       |   410 |   580 |   561 |   120 ||  1671
       Shadow Creatures  |       |       |       |       |       |     4 |       |       ||     4
       Statue Form       |       |       |       |       |       |     2 |       |       ||     2
       Spellforged Servi |       |       |       |       |       |       |     8 |     2 ||    10
       Ignition          |       |       |       |       |       |       |       |    22 ||    22
Evoke: Wand              |       |       |     1 |     2 |     3 |       |       |       ||     6
  Use: Scroll            |       |       |       |       |    31 |     3 |     2 |     7 ||    43
       Potion            |       |       |       |       |       |       |       |     2 ||     2
Armor: Robe              |     7 |     4 |     2 |     8 |     9 |    17 |    18 |    22 ||    87
       Skin              |       |       |       |       |       |     2 |       |       ||     2
Dodge: Dodged            |    14 |     5 |    14 |   105 |   108 |   116 |   108 |    84 ||   554
Block: Buckler           |       |       |     1 |    38 |    47 |    25 |       |       ||   111
       Reflection        |       |       |       |     1 |     8 |     6 |    10 |       ||    25
       Tower shield      |       |       |       |       |       |    59 |   205 |   147 ||   411

Table legend: (Time is in decaauts)
 A = Elapsed time spent in this place.
 B = Non-inter-level travel time spent in this place.
 C = Inter-level travel time spent in this place.
 D = Time resting spent in this place.
 E = Time spent auto-exploring this place.
 F = Levels seen in this place.
 G = Mean time per level.
                   A        B        C        D        E       F      G
               +--------+--------+--------+--------+--------+-----+--------+
         Total |  75293 |  72781 |   2512 |  15582 |  46674 |  38 | 1981.4 |
       Dungeon |  24040 |  22776 |   1264 |   2963 |  17549 |  14 | 1717.1 |
        Temple |    182 |    162 |     20 |      0 |     79 |   1 |  182.0 |
          Lair |  12505 |  11861 |    644 |   2681 |   7709 |   6 | 2084.2 |
        Shoals |   9308 |   9108 |    200 |   3376 |   4481 |   4 | 2327.0 |
     Snake Pit |   8822 |   8663 |    159 |   1352 |   6127 |   4 | 2205.5 |
  Orcish Mines |   4084 |   4039 |     45 |    697 |   2277 |   2 | 2042.0 |
        Vaults |  14721 |  14543 |    178 |   3966 |   7840 |   5 | 2944.2 |
        Bailey |    682 |    682 |      0 |    227 |    280 |   1 |  682.0 |
      Gauntlet |    946 |    946 |      0 |    320 |    331 |   1 |  946.0 |
               +--------+--------+--------+--------+--------+-----+--------+

Top non-repeatable levels by time:
Vaults:2: 4117 daAuts
    D:10: 3839 daAuts
Vaults:1: 3642 daAuts
Vaults:4: 3417 daAuts
Shoals:4: 3410 daAuts
    D:11: 3296 daAuts
Vaults:3: 3063 daAuts
   Orc:2: 2736 daAuts
 Snake:3: 2620 daAuts
  Lair:6: 2573 daAuts
 Snake:1: 2335 daAuts
  Lair:3: 2309 daAuts
 Snake:4: 2212 daAuts
Shoals:3: 2185 daAuts
  Lair:2: 2141 daAuts
